2566 views
Uploaded 2022-04-15 16:53:44
Game version 1.32.3
79:29 long 3on3 ladder game on (6)ThunderLake_LV
Saved by GIGA
2566 views
Uploaded 2022-04-15 16:53:44
Game version 1.32.3
79:29 long 3on3 ladder game on (6)ThunderLake_LV


143 units @ 14.3k
/ 3k
146 buildings @ 14.1k
/ 6.4k


| Boots of Speed | 2 | 500 |
| Orb of Lightning | 1 | 375 |
| Tiny Great Hall | 1 | 600 |
| total: | 4 | 1475g |
| Peasant | 29 | 2175 | / | 0 |
| Flying Machine | 56 | 5600 | / | 1680 |
| Mortar Team | 17 | 3060 | / | 1190 |
| total: | 102 | 10835g | / | 2870w |
| Scout Tower | 3 | 90 | / | 60 |
| Arcane Tower | 1 | 70 | / | 50 |
| Guard Tower | 1 | 70 | / | 50 |
| Altar of Kings | 1 | 180 | / | 50 |
| Farm | 36 | 2880 | / | 720 |
| Town Hall | 2 | 770 | / | 410 |
| Lumber Mill | 1 | 120 | / | 0 |
| Blacksmith | 2 | 280 | / | 120 |
| Workshop | 4 | 560 | / | 560 |
| Gryphon Aviary | 1 | 140 | / | 150 |
| Keep | 2 | 640 | / | 420 |
| Castle | 1 | 360 | / | 210 |
| total: | 50 | 5020g | / | 2070w |
| 0:03 | Peasant |
| 0:08 | Altar of Kings |
| 0:14 | Peasant |
| 0:14 | Peasant |
| 0:31 | Peasant |
| 0:40 | Peasant |
| 0:46 | Farm |
| 0:49 | Scout Tower |
| 1:04 | Peasant |
| 1:17 | Farm |
| 1:43 | Peasant |
| 1:45 | Arcane Tower |
| 1:49 | Peasant |
| 2:01 | Farm |
| 2:08 | Peasant |
| 2:12 | Storm Bolt |
| 2:57 | Peasant |
| 3:06 | Peasant |
| 3:13 | Town Hall |
| 3:20 | Scout Tower |
| 3:29 | Peasant |
| 3:29 | Peasant |
| 3:30 | Peasant |
| 3:41 | Scout Tower |
| 4:31 | Lumber Mill |
| 4:38 | Peasant |
| 4:38 | Peasant |
| 4:59 | Peasant |
| 4:59 | Peasant |
| 4:59 | Peasant |
| 5:19 | Peasant |
| 5:19 | Peasant |
| 5:25 | Peasant |
| 5:51 | Peasant |
| 5:56 | Keep |
| 6:10 | Peasant |
| 6:20 | Blacksmith |
| 7:38 | Black Gunpowder |
| 7:40 | Iron Plating |
| 7:42 | Improved Masonry |
| 8:22 | Castle |
| 8:29 | Workshop |
| 8:30 | Workshop |
| 8:38 | Workshop |
| 10:10 | Flak Cannons |
| 10:10 | Flare |
| 10:21 | Refined Gunpowder |
| 10:21 | Iron Forged Swords |
| 10:27 | Steel Plating |
| 10:59 | Fragmentation Shards |
| 11:01 | Flying Machine Bombs |
| 11:17 | Farm |
| 11:19 | Farm |
| 11:20 | Farm |
| 11:49 | Improved Lumber Harvesting |
| 11:49 | Advanced Masonry |
| 11:55 | Flying Machine |
| 11:55 | Flying Machine |
| 11:55 | Flying Machine |
| 11:56 | Flying Machine |
| 11:56 | Flying Machine |
| 11:56 | Flying Machine |
| 11:56 | Flying Machine |
| 12:04 | Farm |
| 12:07 | Farm |
| 12:09 | Farm |
| 12:10 | Farm |
| 12:16 | Imbued Gunpowder |
| 13:06 | Flying Machine |
| 13:07 | Flying Machine |
| 13:07 | Flying Machine |
| 13:30 | Guard Tower |
| 13:53 | Mithril Plating |
| 13:54 | Studded Leather Armor |
| 14:27 | Flying Machine |
| 14:27 | Flying Machine |
| 14:27 | Flying Machine |
| 14:27 | Flying Machine |
| 14:28 | Flying Machine |
| 14:31 | Farm |
| 14:31 | Farm |
| 15:20 | Mortar Team |
| 15:20 | Mortar Team |
| 15:53 | Farm |
| 15:54 | Farm |
| 15:55 | Farm |
| 17:39 | Farm |
| 17:40 | Farm |
| 17:41 | Farm |
| 17:44 | Farm |
| 17:46 | Farm |
| 19:48 | Flying Machine |
| 19:48 | Flying Machine |
| 19:48 | Flying Machine |
| 19:49 | Flying Machine |
| 21:49 | Orb of Lightning |
| 21:49 | Tiny Great Hall |
| 22:16 | Gryphon Aviary |
| 22:23 | Storm Bolt |
| 23:39 | Peasant |
| 23:39 | Peasant |
| 23:39 | Peasant |
| 23:40 | Peasant |
| 23:40 | Peasant |
| 25:37 | Boots of Speed |
| 25:37 | Boots of Speed |
| 26:28 | Flying Machine |
| 26:28 | Flying Machine |
| 26:28 | Flying Machine |
| 26:29 | Flying Machine |
| 26:29 | Flying Machine |
| 26:29 | Flying Machine |
| 26:29 | Flying Machine |
| 28:46 | Mortar Team |
| 28:46 | Mortar Team |
| 31:00 | Flying Machine |
| 31:00 | Flying Machine |
| 31:00 | Flying Machine |
| 31:00 | Flying Machine |
| 31:03 | Flying Machine |
| 35:47 | Farm |
| 35:48 | Farm |
| 37:58 | Town Hall |
| 38:12 | Farm |
| 38:14 | Farm |
| 38:15 | Farm |
| 38:17 | Farm |
| 40:01 | Bash |
| 40:27 | Farm |
| 40:29 | Farm |
| 40:29 | Farm |
| 41:11 | Farm |
| 41:12 | Farm |
| 42:11 | Mortar Team |
| 42:11 | Mortar Team |
| 42:11 | Mortar Team |
| 44:37 | Divine Shield |
| 54:45 | Storm Bolt |
| 54:56 | Farm |
| 54:57 | Farm |
| 54:57 | Farm |
| 54:58 | Farm |
| 54:58 | Farm |
| 56:55 | Flying Machine |
| 56:58 | Mortar Team |
| 56:58 | Mortar Team |
| 56:58 | Mortar Team |
| 56:58 | Mortar Team |
| 58:51 | Flying Machine |
| 58:52 | Flying Machine |
| 59:02 | Flying Machine |
| 59:02 | Flying Machine |
| 59:02 | Flying Machine |
| 59:14 | Flying Machine |
| 59:14 | Flying Machine |
| 59:14 | Flying Machine |
| 59:48 | Flying Machine |
| 59:48 | Flying Machine |
| 60:58 | Keep |
| 61:04 | Holy Light |
| 62:44 | Blacksmith |
| 63:55 | Workshop |
| 65:09 | Flying Machine |
| 65:43 | Mortar Team |
| 65:44 | Mortar Team |
| 66:54 | Flying Machine |
| 66:54 | Flying Machine |
| 66:54 | Flying Machine |
| 66:54 | Flying Machine |
| 66:56 | Flying Machine |
| 66:57 | Flying Machine |
| 66:58 | Flying Machine |
| 67:25 | Flying Machine |
| 67:25 | Flying Machine |
| 67:25 | Flying Machine |
| 67:25 | Flying Machine |
| 67:25 | Flying Machine |
| 67:26 | Flying Machine |
| 74:19 | Mortar Team |
| 74:19 | Mortar Team |
| 74:19 | Mortar Team |
| 74:19 | Mortar Team |
| 78:38 | Resurrection |
| Right click | 4211 |
| Select group | 1980 |
| Select | 722 |
| Build/train/purchase | 188 |
| Use ability | 143 |
| Misc. action | 73 |
| Assign group | 33 |
| Esc | 24 |
| Minimap ping | 13 |
| Resource trade | 5 |
| Item give/drop | 3 |
GIGA
(207)
(79:24) : 
| Healing Salve | 2 | 200 |
| Lesser Clarity Potion | 12 | 840 |
| Scroll of Speed | 1 | 50 |
| Tiny Great Hall | 2 | 1200 |
| Orb of Lightning | 3 | 1125 |
| Potion of Mana | 1 | 200 |
| Boots of Speed | 1 | 250 |
| Periapt of Vitality | 1 | 325 |
| Ring of Protection +5 | 1 | 600 |
| Pendant of Mana | 1 | 600 |
| Khadgar's Gem of Health | 1 | 600 |
| Amulet of Spell Shield | 1 | 600 |
| Replenishment Potion | 1 | 150 |
| total: | 28 | 6740g |
| Peon | 15 | 1125 | / | 0 |
| total: | 15 | 1125g | / | 0w |
| Watch Tower | 20 | 2200 | / | 1600 |
| Altar of Storms | 3 | 540 | / | 150 |
| Orc Burrow | 3 | 480 | / | 120 |
| Voodoo Lounge | 3 | 390 | / | 90 |
| War Mill | 2 | 410 | / | 0 |
| Great Hall | 1 | 385 | / | 185 |
| Stronghold | 1 | 315 | / | 190 |
| Fortress | 1 | 325 | / | 190 |
| total: | 32 | 4405g | / | 2145w |
| 0:03 | Peon |
| 0:04 | Peon |
| 0:08 | Altar of Storms |
| 0:13 | Orc Burrow |
| 0:16 | Peon |
| 0:16 | Peon |
| 0:41 | Peon |
| 0:42 | Peon |
| 0:54 | Voodoo Lounge |
| 0:56 | Peon |
| 1:26 | Peon |
| 1:45 | Peon |
| 1:45 | Peon |
| 2:03 | War Mill |
| 2:10 | Healing Salve |
| 2:12 | Lesser Clarity Potion |
| 2:12 | Lesser Clarity Potion |
| 2:12 | Scroll of Speed |
| 2:22 | Wind Walk |
| 3:29 | Stronghold |
| 3:33 | Watch Tower |
| 3:34 | Watch Tower |
| 3:35 | Watch Tower |
| 3:38 | Watch Tower |
| 5:51 | Fortress |
| 6:20 | Critical Strike |
| 6:39 | Voodoo Lounge |
| 6:42 | Altar of Storms |
| 6:47 | Boots of Speed |
| 6:48 | Periapt of Vitality |
| 8:59 | Reinforced Defenses |
| 10:29 | Healing Salve |
| 10:34 | Lesser Clarity Potion |
| 10:37 | Tiny Great Hall |
| 10:37 | Orb of Lightning |
| 10:43 | Lesser Clarity Potion |
| 11:57 | Lesser Clarity Potion |
| 12:59 | Wind Walk |
| 13:22 | Watch Tower |
| 13:23 | Watch Tower |
| 13:27 | Watch Tower |
| 13:28 | Watch Tower |
| 13:40 | Ring of Protection +5 |
| 13:46 | Pendant of Mana |
| 15:24 | Watch Tower |
| 15:27 | Watch Tower |
| 15:28 | Watch Tower |
| 15:29 | Watch Tower |
| 15:50 | Khadgar's Gem of Health |
| 17:12 | Watch Tower |
| 17:13 | Watch Tower |
| 17:20 | Critical Strike |
| 19:10 | Watch Tower |
| 19:11 | Watch Tower |
| 19:13 | Watch Tower |
| 19:15 | Watch Tower |
| 19:21 | Watch Tower |
| 19:23 | Watch Tower |
| 21:34 | Storm Bolt |
| 21:36 | Orb of Lightning |
| 21:36 | Tiny Great Hall |
| 22:43 | Divine Shield |
| 23:30 | Critical Strike |
| 23:54 | Amulet of Spell Shield |
| 25:32 | Potion of Mana |
| 25:36 | Lesser Clarity Potion |
| 27:40 | Orb of Lightning |
| 31:32 | Altar of Storms |
| 31:37 | Orc Burrow |
| 31:41 | Holy Light |
| 32:18 | Bladestorm |
| 38:35 | Voodoo Lounge |
| 40:17 | Lesser Clarity Potion |
| 40:20 | Lesser Clarity Potion |
| 45:37 | Wind Walk |
| 46:01 | Lesser Clarity Potion |
| 48:36 | Lesser Clarity Potion |
| 48:41 | Lesser Clarity Potion |
| 49:56 | Lesser Clarity Potion |
| 50:53 | Great Hall |
| 52:22 | Peon |
| 52:22 | Peon |
| 52:22 | Peon |
| 52:23 | Peon |
| 53:06 | Orc Burrow |
| 54:50 | Peon |
| 56:11 | Mirror Image |
| 61:48 | Mirror Image |
| 64:12 | Replenishment Potion |
| 67:14 | War Mill |
| 71:19 | Mirror Image |
| 74:57 | Avatar |
| Right click | 5857 |
| Select | 542 |
| Build/train/purchase | 215 |
| Resource trade | 60 |
| Use ability | 58 |
| Select group | 52 |
| Item give/drop | 46 |
| Minimap ping | 38 |
| Assign group | 6 |
| Esc | 2 |
whitnasty
(6)
(79:07) : 

| Peasant | 23 | 1725 | / | 0 |
| Dragonhawk Rider | 3 | 600 | / | 90 |
| total: | 26 | 2325g | / | 90w |
| Scout Tower | 43 | 1290 | / | 860 |
| Guard Tower | 24 | 1680 | / | 1200 |
| Arcane Tower | 2 | 140 | / | 100 |
| Altar of Kings | 3 | 540 | / | 150 |
| Farm | 10 | 800 | / | 200 |
| Lumber Mill | 2 | 240 | / | 0 |
| Arcane Vault | 1 | 130 | / | 30 |
| Town Hall | 4 | 1540 | / | 820 |
| Gryphon Aviary | 1 | 140 | / | 150 |
| Keep | 2 | 640 | / | 420 |
| Castle | 1 | 360 | / | 210 |
| total: | 64 | 4680g | / | 2210w |
| 0:02 | Peasant |
| 0:02 | Peasant |
| 0:06 | Altar of Kings |
| 0:19 | Peasant |
| 0:24 | Farm |
| 0:50 | Peasant |
| 0:50 | Peasant |
| 1:03 | Peasant |
| 1:03 | Peasant |
| 1:21 | Lumber Mill |
| 1:29 | Peasant |
| 1:53 | Peasant |
| 1:53 | Peasant |
| 1:57 | Farm |
| 1:57 | Farm |
| 2:10 | Storm Bolt |
| 2:49 | Peasant |
| 2:49 | Peasant |
| 2:52 | Improved Masonry |
| 3:23 | Farm |
| 3:28 | Peasant |
| 3:28 | Peasant |
| 3:48 | Scout Tower |
| 3:53 | Scout Tower |
| 3:54 | Scout Tower |
| 4:03 | Keep |
| 4:17 | Guard Tower |
| 4:21 | Scout Tower |
| 4:24 | Guard Tower |
| 4:30 | Scout Tower |
| 4:30 | Scout Tower |
| 4:56 | Arcane Vault |
| 4:58 | Guard Tower |
| 5:02 | Scout Tower |
| 5:02 | Scout Tower |
| 5:25 | Scout Tower |
| 5:32 | Scout Tower |
| 5:33 | Scout Tower |
| 5:37 | Guard Tower |
| 5:52 | Scout Tower |
| 5:55 | Scout Tower |
| 5:58 | Guard Tower |
| 6:01 | Arcane Tower |
| 6:06 | Scout Tower |
| 6:07 | Scout Tower |
| 6:16 | Scout Tower |
| 6:19 | Guard Tower |
| 6:24 | Guard Tower |
| 6:27 | Scout Tower |
| 6:32 | Scout Tower |
| 6:38 | Improved Lumber Harvesting |
| 6:39 | Advanced Masonry |
| 6:44 | Lumber Mill |
| 6:49 | Scout Tower |
| 7:01 | Guard Tower |
| 7:07 | Guard Tower |
| 7:14 | Guard Tower |
| 7:21 | Guard Tower |
| 7:36 | Holy Light |
| 8:16 | Scout Tower |
| 8:23 | Scout Tower |
| 8:25 | Guard Tower |
| 8:30 | Scout Tower |
| 8:31 | Scout Tower |
| 8:31 | Scout Tower |
| 8:42 | Castle |
| 8:46 | Guard Tower |
| 8:58 | Guard Tower |
| 9:05 | Gryphon Aviary |
| 9:30 | Guard Tower |
| 9:32 | Scout Tower |
| 9:32 | Scout Tower |
| 9:33 | Scout Tower |
| 9:34 | Scout Tower |
| 10:00 | Guard Tower |
| 10:05 | Scout Tower |
| 10:05 | Scout Tower |
| 10:05 | Scout Tower |
| 10:13 | Holy Light |
| 10:14 | Bash |
| 10:16 | Bash |
| 10:22 | Guard Tower |
| 10:24 | Scout Tower |
| 11:08 | Imbued Masonry |
| 11:09 | Advanced Lumber Harvesting |
| 11:13 | Cloud |
| 11:14 | Dragonhawk Rider |
| 11:37 | Guard Tower |
| 11:41 | Scout Tower |
| 11:42 | Scout Tower |
| 11:47 | Guard Tower |
| 12:48 | Dragonhawk Rider |
| 12:49 | Dragonhawk Rider |
| 13:22 | Scout Tower |
| 13:22 | Scout Tower |
| 13:22 | Scout Tower |
| 13:24 | Guard Tower |
| 13:28 | Scout Tower |
| 13:30 | Scout Tower |
| 13:34 | Scout Tower |
| 13:43 | Town Hall |
| 13:49 | Scout Tower |
| 13:57 | Farm |
| 13:57 | Farm |
| 13:58 | Farm |
| 14:05 | Guard Tower |
| 14:32 | Guard Tower |
| 14:58 | Guard Tower |
| 15:05 | Guard Tower |
| 17:44 | Altar of Kings |
| 20:50 | Divine Shield |
| 22:07 | Farm |
| 22:07 | Farm |
| 22:43 | Town Hall |
| 23:48 | Farm |
| 26:17 | Peasant |
| 26:17 | Peasant |
| 26:17 | Peasant |
| 26:17 | Peasant |
| 28:16 | Scout Tower |
| 28:16 | Scout Tower |
| 28:31 | Town Hall |
| 28:56 | Arcane Tower |
| 29:52 | Altar of Kings |
| 33:00 | Holy Light |
| 34:40 | Town Hall |
| 34:49 | Bash |
| 35:40 | Peasant |
| 35:40 | Peasant |
| 35:40 | Peasant |
| 35:41 | Peasant |
| 35:41 | Peasant |
| 37:41 | Keep |
| 48:39 | Divine Shield |
| 52:37 | Storm Bolt |
| 63:36 | Holy Light |
| Right click | 3919 |
| Select group | 3073 |
| Select | 495 |
| Build/train/purchase | 80 |
| Assign group | 46 |
| Resource trade | 22 |
| Use ability | 17 |
| Misc. action | 14 |
| Remove unit | 1 |
| Esc | 1 |
241 units @ 36.4k
/ 6.6k
153 buildings @ 18.9k
/ 9.1k

| Acolyte | 26 | 1950 | / | 0 |
| Ghoul | 11 | 1320 | / | 0 |
| Necromancer | 26 | 3770 | / | 520 |
| Meat Wagon | 11 | 2530 | / | 550 |
| Crypt Fiend | 20 | 4300 | / | 800 |
| Razormane Medicine Man | 1 | 350 | / | 60 |
| Harpy Rogue | 1 | 215 | / | 20 |
| Centaur Outrunner | 1 | 195 | / | 0 |
| Peasant | 6 | 450 | / | 0 |
| Mortar Team | 7 | 1260 | / | 490 |
| Demolisher | 1 | 220 | / | 50 |
| total: | 111 | 16560g | / | 2490w |
| Spirit Tower | 3 | 435 | / | 120 |
| Nerubian Tower | 8 | 800 | / | 160 |
| Altar of Darkness | 3 | 540 | / | 150 |
| Crypt | 1 | 200 | / | 50 |
| Graveyard | 2 | 430 | / | 0 |
| Ziggurat | 25 | 3750 | / | 1250 |
| Tomb of Relics | 1 | 130 | / | 30 |
| Necropolis | 2 | 450 | / | 0 |
| Temple of the Damned | 2 | 310 | / | 280 |
| Slaughterhouse | 2 | 280 | / | 270 |
| Halls of the Dead | 3 | 960 | / | 630 |
| Black Citadel | 2 | 650 | / | 460 |
| total: | 38 | 6090g | / | 2030w |
| 0:05 | Altar of Darkness |
| 0:07 | Acolyte |
| 0:16 | Crypt |
| 0:26 | Acolyte |
| 0:29 | Acolyte |
| 1:02 | Graveyard |
| 1:13 | Ziggurat |
| 1:24 | Ghoul |
| 1:35 | Ghoul |
| 1:48 | Ziggurat |
| 2:01 | Ghoul |
| 2:47 | Ghoul |
| 2:51 | Halls of the Dead |
| 2:59 | Tomb of Relics |
| 3:25 | Creature Attack |
| 3:31 | Unholy Strength |
| 3:32 | Unholy Armor |
| 3:45 | Ziggurat |
| 4:27 | Ghoul |
| 4:28 | Ghoul |
| 4:30 | Improved Creature Attack |
| 4:30 | Creature Carapace |
| 4:44 | Unholy Aura |
| 5:21 | Temple of the Damned |
| 5:29 | Slaughterhouse |
| 5:40 | Black Citadel |
| 6:27 | Necromancer Adept Training |
| 6:28 | Skeletal Mastery |
| 6:29 | Necromancer |
| 6:31 | Necromancer |
| 6:43 | Exhume Corpses |
| 6:54 | Ziggurat |
| 7:54 | Graveyard |
| 8:08 | Necromancer Master Training |
| 8:09 | Necromancer |
| 8:10 | Necromancer |
| 8:43 | Death Coil |
| 8:51 | Necromancer |
| 8:54 | Meat Wagon |
| 8:55 | Disease Cloud |
| 10:38 | Razormane Medicine Man |
| 10:41 | Harpy Rogue |
| 10:42 | Centaur Outrunner |
| 11:05 | Necromancer |
| 11:05 | Necromancer |
| 11:06 | Necromancer |
| 11:07 | Meat Wagon |
| 11:59 | Ziggurat |
| 12:33 | Improved Unholy Strength |
| 12:33 | Improved Unholy Armor |
| 13:11 | Acolyte |
| 13:11 | Acolyte |
| 13:12 | Acolyte |
| 13:13 | Acolyte |
| 14:03 | Necromancer |
| 14:03 | Necromancer |
| 14:30 | Necropolis |
| 15:06 | Ziggurat |
| 15:09 | Ziggurat |
| 15:12 | Ziggurat |
| 15:17 | Ziggurat |
| 16:30 | Spirit Tower |
| 16:32 | Nerubian Tower |
| 16:33 | Nerubian Tower |
| 16:35 | Spirit Tower |
| 16:43 | Acolyte |
| 16:43 | Acolyte |
| 16:43 | Acolyte |
| 16:43 | Acolyte |
| 16:44 | Acolyte |
| 17:24 | Spirit Tower |
| 17:26 | Nerubian Tower |
| 17:30 | Nerubian Tower |
| 17:32 | Nerubian Tower |
| 17:40 | Nerubian Tower |
| 17:45 | Crypt Fiend |
| 17:45 | Crypt Fiend |
| 17:45 | Crypt Fiend |
| 17:45 | Crypt Fiend |
| 17:45 | Crypt Fiend |
| 18:19 | Acolyte |
| 18:19 | Acolyte |
| 18:20 | Acolyte |
| 18:20 | Acolyte |
| 18:20 | Acolyte |
| 19:08 | Necromancer |
| 19:08 | Necromancer |
| 19:08 | Necromancer |
| 19:15 | Necropolis |
| 19:20 | Altar of Darkness |
| 19:25 | Meat Wagon |
| 19:26 | Meat Wagon |
| 19:57 | Halls of the Dead |
| 20:28 | Ziggurat |
| 20:40 | Necromancer |
| 20:40 | Necromancer |
| 20:41 | Necromancer |
| 20:41 | Necromancer |
| 22:01 | Halls of the Dead |
| 25:16 | Ziggurat |
| 25:18 | Ziggurat |
| 25:20 | Ziggurat |
| 25:24 | Ziggurat |
| 25:49 | Ziggurat |
| 25:54 | Ziggurat |
| 25:58 | Ziggurat |
| 26:14 | Crypt Fiend |
| 26:15 | Web |
| 26:21 | Crypt Fiend |
| 26:22 | Crypt Fiend |
| 26:22 | Crypt Fiend |
| 26:23 | Crypt Fiend |
| 26:23 | Crypt Fiend |
| 27:31 | Acolyte |
| 27:31 | Acolyte |
| 27:32 | Acolyte |
| 27:32 | Acolyte |
| 29:44 | Acolyte |
| 29:45 | Acolyte |
| 29:45 | Acolyte |
| 29:45 | Acolyte |
| 29:45 | Acolyte |
| 30:08 | Necromancer |
| 30:09 | Necromancer |
| 30:09 | Necromancer |
| 31:06 | Ziggurat |
| 31:07 | Ziggurat |
| 31:08 | Ziggurat |
| 31:10 | Ziggurat |
| 32:51 | Meat Wagon |
| 32:51 | Meat Wagon |
| 32:51 | Meat Wagon |
| 32:52 | Meat Wagon |
| 32:52 | Meat Wagon |
| 32:55 | Necromancer |
| 32:55 | Necromancer |
| 32:55 | Necromancer |
| 33:07 | Crypt Fiend |
| 33:15 | Crypt Fiend |
| 33:41 | Nerubian Tower |
| 33:46 | Ziggurat |
| 33:48 | Ziggurat |
| 33:51 | Ziggurat |
| 33:54 | Ziggurat |
| 34:37 | Meat Wagon |
| 34:38 | Meat Wagon |
| 35:05 | Necromancer |
| 35:05 | Necromancer |
| 35:05 | Necromancer |
| 35:27 | Nerubian Tower |
| 35:43 | Ghoul |
| 35:43 | Ghoul |
| 35:43 | Ghoul |
| 36:50 | Ghoul |
| 36:50 | Ghoul |
| 39:54 | Altar of Darkness |
| 40:07 | Temple of the Damned |
| 40:11 | Slaughterhouse |
| 41:56 | Black Citadel |
| 45:33 | Crypt Fiend |
| 45:33 | Crypt Fiend |
| 45:34 | Crypt Fiend |
| 45:34 | Crypt Fiend |
| 45:34 | Crypt Fiend |
| 45:34 | Crypt Fiend |
| 45:34 | Crypt Fiend |
| 71:47 | Peasant |
| 71:47 | Peasant |
| 71:47 | Peasant |
| 71:47 | Peasant |
| 71:48 | Peasant |
| 71:48 | Peasant |
| 74:23 | Mortar Team |
| 74:23 | Mortar Team |
| 74:23 | Mortar Team |
| 74:23 | Mortar Team |
| 74:24 | Mortar Team |
| 74:24 | Mortar Team |
| 74:24 | Mortar Team |
| 75:54 | Demolisher |
| Right click | 532 |
| Select | 509 |
| Build/train/purchase | 173 |
| Resource trade | 104 |
| Misc. action | 35 |
| Esc | 18 |
| Use ability | 17 |
| Remove unit | 5 |
| Minimap ping | 2 |


| Orb of Fire | 2 | 650 |
| Dust of Appearance | 2 | 150 |
| Scroll of Town Portal | 1 | 350 |
| total: | 5 | 1150g |
| Peasant | 23 | 1725 | / | 0 |
| Footman | 3 | 405 | / | 0 |
| Rifleman | 17 | 3485 | / | 510 |
| Sorceress | 4 | 620 | / | 80 |
| Mortar Team | 30 | 5400 | / | 2100 |
| total: | 77 | 11635g | / | 2690w |
| Scout Tower | 49 | 1470 | / | 980 |
| Arcane Tower | 1 | 70 | / | 50 |
| Guard Tower | 20 | 1400 | / | 1000 |
| Altar of Kings | 1 | 180 | / | 50 |
| Farm | 13 | 1040 | / | 260 |
| Barracks | 1 | 160 | / | 60 |
| Blacksmith | 1 | 140 | / | 60 |
| Lumber Mill | 1 | 120 | / | 0 |
| Arcane Vault | 1 | 130 | / | 30 |
| Town Hall | 6 | 2310 | / | 1230 |
| Arcane Sanctum | 2 | 300 | / | 280 |
| Workshop | 6 | 840 | / | 840 |
| Keep | 1 | 320 | / | 210 |
| Castle | 1 | 360 | / | 210 |
| total: | 81 | 6690g | / | 3790w |
| 0:05 | Peasant |
| 0:05 | Peasant |
| 0:06 | Peasant |
| 0:08 | Peasant |
| 0:14 | Altar of Kings |
| 0:23 | Farm |
| 0:49 | Peasant |
| 0:53 | Barracks |
| 1:04 | Farm |
| 1:25 | Peasant |
| 1:33 | Farm |
| 1:41 | Blacksmith |
| 1:46 | Peasant |
| 1:57 | Footman |
| 2:13 | Footman |
| 2:19 | Peasant |
| 2:23 | Holy Light |
| 2:33 | Footman |
| 2:58 | Rifleman |
| 3:17 | Rifleman |
| 3:40 | Farm |
| 4:42 | Peasant |
| 4:52 | Rifleman |
| 4:57 | Black Gunpowder |
| 5:05 | Scout Tower |
| 5:25 | Scout Tower |
| 5:27 | Arcane Tower |
| 5:31 | Lumber Mill |
| 5:35 | Rifleman |
| 5:48 | Rifleman |
| 5:52 | Farm |
| 6:23 | Farm |
| 6:25 | Keep |
| 6:28 | Guard Tower |
| 6:32 | Studded Leather Armor |
| 6:35 | Rifleman |
| 6:49 | Devotion Aura |
| 7:21 | Rifleman |
| 7:59 | Rifleman |
| 8:03 | Arcane Vault |
| 8:48 | Long Rifles |
| 8:50 | Refined Gunpowder |
| 8:51 | Improved Lumber Harvesting |
| 9:14 | Arcane Sanctum |
| 9:16 | Peasant |
| 9:17 | Peasant |
| 9:31 | Divine Shield |
| 9:56 | Storm Bolt |
| 9:58 | Farm |
| 10:27 | Farm |
| 10:35 | Town Hall |
| 10:57 | Rifleman |
| 11:01 | Peasant |
| 11:01 | Peasant |
| 11:08 | Bash |
| 11:23 | Rifleman |
| 11:29 | Sorceress |
| 11:30 | Sorceress Adept Training |
| 11:32 | Peasant |
| 12:18 | Peasant |
| 12:18 | Peasant |
| 12:22 | Castle |
| 12:51 | Dust of Appearance |
| 13:01 | Holy Light |
| 13:21 | Arcane Sanctum |
| 13:24 | Sorceress |
| 13:27 | Rifleman |
| 13:30 | Farm |
| 13:34 | Peasant |
| 13:34 | Peasant |
| 14:09 | Rifleman |
| 14:11 | Sorceress |
| 14:13 | Reinforced Leather Armor |
| 15:03 | Bash |
| 15:12 | Improved Masonry |
| 15:13 | Advanced Lumber Harvesting |
| 15:14 | Rifleman |
| 15:16 | Sorceress |
| 15:17 | Sorceress Master Training |
| 15:27 | Peasant |
| 17:39 | Rifleman |
| 17:39 | Rifleman |
| 17:46 | Farm |
| 17:54 | Workshop |
| 18:17 | Advanced Masonry |
| 19:13 | Orb of Fire |
| 19:43 | Scout Tower |
| 19:43 | Scout Tower |
| 19:44 | Scout Tower |
| 19:47 | Scout Tower |
| 19:56 | Town Hall |
| 20:03 | Scout Tower |
| 20:03 | Scout Tower |
| 20:04 | Scout Tower |
| 20:04 | Scout Tower |
| 20:05 | Scout Tower |
| 20:05 | Scout Tower |
| 20:26 | Guard Tower |
| 20:58 | Guard Tower |
| 21:08 | Guard Tower |
| 21:14 | Guard Tower |
| 21:16 | Guard Tower |
| 21:18 | Scout Tower |
| 21:18 | Scout Tower |
| 21:19 | Scout Tower |
| 21:19 | Scout Tower |
| 21:46 | Scroll of Town Portal |
| 21:46 | Orb of Fire |
| 22:04 | Guard Tower |
| 22:06 | Guard Tower |
| 22:33 | Guard Tower |
| 22:36 | Guard Tower |
| 23:34 | Workshop |
| 23:36 | Workshop |
| 23:45 | Farm |
| 23:45 | Farm |
| 23:46 | Farm |
| 24:14 | Dust of Appearance |
| 24:40 | Peasant |
| 24:43 | Mortar Team |
| 24:44 | Fragmentation Shards |
| 24:44 | Flare |
| 25:32 | Mortar Team |
| 25:50 | Mortar Team |
| 27:45 | Devotion Aura |
| 28:25 | Thunder Clap |
| 29:35 | Mortar Team |
| 31:10 | Mortar Team |
| 32:56 | Mortar Team |
| 32:59 | Imbued Gunpowder |
| 33:00 | Dragonhide Armor |
| 34:17 | Town Hall |
| 34:23 | Scout Tower |
| 34:23 | Scout Tower |
| 34:23 | Scout Tower |
| 34:24 | Scout Tower |
| 34:24 | Scout Tower |
| 34:25 | Scout Tower |
| 34:25 | Scout Tower |
| 35:37 | Guard Tower |
| 36:15 | Mortar Team |
| 36:15 | Mortar Team |
| 37:27 | Scout Tower |
| 37:28 | Scout Tower |
| 37:28 | Scout Tower |
| 37:29 | Scout Tower |
| 37:29 | Scout Tower |
| 38:38 | Guard Tower |
| 39:07 | Scout Tower |
| 39:09 | Scout Tower |
| 39:10 | Scout Tower |
| 39:11 | Scout Tower |
| 39:11 | Scout Tower |
| 39:12 | Scout Tower |
| 39:45 | Town Hall |
| 40:16 | Workshop |
| 40:47 | Workshop |
| 40:49 | Rifleman |
| 40:50 | Rifleman |
| 41:14 | Guard Tower |
| 41:21 | Scout Tower |
| 41:21 | Scout Tower |
| 41:38 | Scout Tower |
| 42:05 | Mortar Team |
| 42:13 | Workshop |
| 42:19 | Guard Tower |
| 42:25 | Scout Tower |
| 42:47 | Mortar Team |
| 42:53 | Guard Tower |
| 42:58 | Town Hall |
| 43:41 | Scout Tower |
| 43:42 | Scout Tower |
| 43:42 | Scout Tower |
| 43:43 | Scout Tower |
| 43:43 | Scout Tower |
| 43:44 | Scout Tower |
| 43:44 | Scout Tower |
| 45:02 | Mortar Team |
| 45:03 | Mortar Team |
| 45:03 | Mortar Team |
| 45:23 | Guard Tower |
| 46:04 | Mortar Team |
| 47:49 | Mortar Team |
| 48:47 | Mortar Team |
| 48:48 | Mortar Team |
| 49:53 | Mortar Team |
| 50:05 | Peasant |
| 50:05 | Peasant |
| 50:06 | Peasant |
| 50:42 | Mortar Team |
| 50:42 | Mortar Team |
| 51:17 | Mortar Team |
| 52:04 | Mortar Team |
| 52:46 | Mortar Team |
| 53:57 | Resurrection |
| 55:03 | Mortar Team |
| 55:15 | Storm Bolt |
| 57:59 | Mortar Team |
| 57:59 | Mortar Team |
| 61:36 | Scout Tower |
| 61:37 | Scout Tower |
| 61:56 | Mortar Team |
| 61:56 | Mortar Team |
| 62:10 | Guard Tower |
| 62:13 | Scout Tower |
| 62:13 | Scout Tower |
| 65:07 | Mortar Team |
| 65:44 | Mortar Team |
| 66:43 | Town Hall |
| 70:22 | Guard Tower |
| Select | 1016 |
| Select group | 859 |
| Right click | 721 |
| Misc. action | 691 |
| Build/train/purchase | 159 |
| Use ability | 87 |
| Assign group | 50 |
| Item give/drop | 12 |
| Minimap ping | 6 |
| Resource trade | 4 |


| Healing Salve | 2 | 200 |
| Potion of Healing | 1 | 150 |
| Lesser Clarity Potion | 1 | 70 |
| Orb of Lightning | 1 | 375 |
| total: | 5 | 795g |
| Peon | 15 | 1125 | / | 0 |
| Troll Headhunter | 5 | 700 | / | 100 |
| Spirit Walker | 1 | 195 | / | 35 |
| Troll Witch Doctor | 4 | 580 | / | 100 |
| Tauren | 3 | 840 | / | 240 |
| Kodo Beast | 1 | 255 | / | 60 |
| Raider | 13 | 2340 | / | 520 |
| Demolisher | 4 | 880 | / | 200 |
| Wind Rider | 4 | 1060 | / | 160 |
| Peasant | 3 | 225 | / | 0 |
| total: | 53 | 8200g | / | 1415w |
| Watch Tower | 7 | 770 | / | 560 |
| Altar of Storms | 1 | 180 | / | 50 |
| Orc Burrow | 7 | 1120 | / | 280 |
| War Mill | 1 | 205 | / | 0 |
| Barracks | 3 | 540 | / | 150 |
| Voodoo Lounge | 1 | 130 | / | 30 |
| Great Hall | 5 | 1925 | / | 925 |
| Tauren Totem | 2 | 270 | / | 310 |
| Spirit Lodge | 1 | 150 | / | 150 |
| Beastiary | 6 | 870 | / | 840 |
| Stronghold | 4 | 1260 | / | 760 |
| Fortress | 3 | 975 | / | 570 |
| total: | 34 | 6160g | / | 3295w |
| 0:03 | Peon |
| 0:03 | Peon |
| 0:03 | Peon |
| 0:12 | Altar of Storms |
| 0:15 | Orc Burrow |
| 0:43 | War Mill |
| 0:47 | Peon |
| 0:55 | Peon |
| 1:04 | Peon |
| 1:24 | Barracks |
| 1:30 | Peon |
| 1:40 | Orc Burrow |
| 1:48 | Peon |
| 1:59 | Voodoo Lounge |
| 2:05 | Peon |
| 2:17 | War Stomp |
| 2:27 | Troll Headhunter |
| 2:41 | Troll Headhunter |
| 2:52 | Troll Headhunter |
| 3:06 | Healing Salve |
| 3:32 | Stronghold |
| 3:45 | Troll Headhunter |
| 3:59 | Orc Burrow |
| 4:18 | Troll Headhunter |
| 5:05 | Endurance Aura |
| 5:20 | Great Hall |
| 5:28 | Orc Burrow |
| 5:30 | Steel Armor |
| 6:16 | War Stomp |
| 6:23 | Peon |
| 6:23 | Peon |
| 6:46 | Tauren Totem |
| 6:48 | Tauren Totem |
| 6:56 | Fortress |
| 7:04 | Spirit Lodge |
| 7:43 | Orc Burrow |
| 7:48 | Steel Melee Weapons |
| 7:56 | Peon |
| 7:56 | Peon |
| 7:56 | Peon |
| 7:56 | Peon |
| 8:30 | Healing Wave |
| 8:56 | Spirit Walker |
| 9:04 | Troll Witch Doctor |
| 9:04 | Troll Witch Doctor |
| 9:05 | Witch Doctor Adept Training |
| 9:09 | Spirit Walker Adept Training |
| 9:21 | Pulverize |
| 9:37 | Potion of Healing |
| 10:12 | Beastiary |
| 10:31 | Endurance Aura |
| 10:43 | Tauren |
| 10:46 | Spirit Walker Master Training |
| 10:47 | Tauren |
| 11:39 | Serpent Ward |
| 12:01 | Tauren |
| 12:04 | Orc Burrow |
| 12:05 | Witch Doctor Master Training |
| 12:06 | Kodo Beast |
| 12:25 | Lesser Clarity Potion |
| 12:28 | Healing Salve |
| 12:58 | War Drums Damage Increase |
| 13:00 | Troll Witch Doctor |
| 13:13 | Orb of Lightning |
| 13:30 | Thorium Armor |
| 14:18 | Thorium Melee Weapons |
| 15:12 | Reinforced Defenses |
| 16:49 | Stronghold |
| 17:10 | Great Hall |
| 17:53 | Healing Wave |
| 18:16 | Spiked Barricades |
| 19:12 | Fortress |
| 21:17 | Great Hall |
| 21:23 | Beastiary |
| 21:27 | Beastiary |
| 21:32 | Beastiary |
| 22:39 | Raider |
| 22:41 | Ensnare |
| 22:43 | Raider |
| 22:44 | Raider |
| 23:56 | Raider |
| 24:55 | Watch Tower |
| 24:58 | Watch Tower |
| 25:01 | Watch Tower |
| 25:04 | Watch Tower |
| 25:27 | Endurance Aura |
| 26:00 | Watch Tower |
| 26:03 | Watch Tower |
| 26:15 | Pillage |
| 27:13 | Stronghold |
| 29:14 | Great Hall |
| 29:19 | Serpent Ward |
| 31:33 | Great Hall |
| 31:40 | Raider |
| 31:41 | Raider |
| 32:18 | Raider |
| 32:41 | Raider |
| 32:41 | Raider |
| 34:03 | Raider |
| 34:24 | Stronghold |
| 34:29 | Watch Tower |
| 37:54 | Fortress |
| 37:56 | Improved Spiked Barricades |
| 39:28 | Reincarnation |
| 40:10 | Hex |
| 40:22 | Demolisher |
| 40:29 | Barracks |
| 40:34 | Barracks |
| 40:56 | Burning Oil |
| 41:36 | Steel Ranged Weapons |
| 41:39 | Demolisher |
| 41:43 | Demolisher |
| 42:14 | Troll Witch Doctor |
| 44:44 | Demolisher |
| 53:32 | Raider |
| 53:33 | Raider |
| 53:39 | Beastiary |
| 53:41 | Beastiary |
| 54:50 | Raider |
| 54:55 | Wind Rider |
| 54:56 | Wind Rider |
| 55:35 | Wind Rider |
| 56:34 | Wind Rider |
| 56:37 | Envenomed Spears |
| 56:42 | Orc Burrow |
| 57:58 | Thorium Ranged Weapons |
| 64:57 | War Stomp |
| 68:42 | Big Bad Voodoo |
| 71:05 | Magic Sentry |
| 71:15 | Peasant |
| 71:16 | Peasant |
| 71:16 | Peasant |
| Right click | 1707 |
| Select group | 996 |
| Select | 894 |
| Misc. action | 400 |
| Build/train/purchase | 145 |
| Use ability | 116 |
| Assign group | 35 |
| Resource trade | 29 |
| Remove unit | 9 |
| Minimap ping | 9 |
| Item give/drop | 4 |
⇛